 Dungeon Crawl Stone Soup version 0.19-a0-1168-g98094fc (webtiles) character file.

15189 bullock the Fighter (level 11, -14/98 HPs)
             Began as a Demonspawn Wanderer on Aug 14, 2016.
             Was an Elder of Makhleb.
             Demolished by a deep troll (18 damage)
             ... on level 10 of the Dungeon on Aug 15, 2016.
             The game lasted 01:32:11 (24061 turns).

bullock the Fighter (Demonspawn Wanderer)          Turns: 24061, Time: 01:32:12

Health: -14/98     AC:  9    Str: 18    XL:     11   Next: 98%
Magic:  0/25       EV: 10    Int: 14    God:    Makhleb [****..]
Gold:   968        SH:  4    Dex: 15    Spells: 5 memorised, 21 levels left

rFire  + . .     SeeInvis .     K - +7 morningstar of Ahyitoa {flame, Str+5}
rCold  + . .     Gourm    .     s - +1 leather armour {rC+}
rNeg   . . .     Faith    .     r - +0 buckler
rPois  +         Spirit   +     h - +0 helmet
rElec  .         Dismiss  .     (no cloak)
rCorr  .         Reflect  .     (no gloves)
MR     .....     Harm     .     n - +0 pair of boots
Stlth  ++........               (no amulet)
                                q - ring of wizardry
                                t - ring of poison resistance

@: no status effects
A: hooves 2, thin metallic scales 2, fire resistance 1, magic shield, magic
regeneration
a: Minor Destruction, Lesser Servant of Makhleb, Major Destruction, Renounce
Religion


You were on level 10 of the Dungeon.
You worshipped Makhleb.
Makhleb was greatly pleased with you.
You were not hungry.

You visited 3 branches of the dungeon, and saw 14 of its levels.

You collected 1292 gold pieces.
You spent 324 gold pieces at shops.

Inventory:

Hand Weapons
 j - the +8 dagger "Telae" {vamp, rN+ Str+4 Int+4 Dex-4}
   (You found it on level 6 of the Dungeon)

   It inflicts no extra harm, but heals its wielder somewhat when it strikes a
   living foe.
   It affects your strength (+4).
   It affects your intelligence (+4).
   It affects your dexterity (-4).
   It protects you from negative energy.
 w - the +6 dagger of True Grit {freeze, rF+ MR+}
   (You found it on level 5 of the Dungeon)

   It has been specially enchanted to freeze those struck by it, causing extra
   injury to most foes and up to half again as much damage against particularly
   susceptible opponents.
   It can also slow down cold-blooded creatures.
   It protects you from fire.
   It affects your resistance to hostile enchantments.
 x - a +0 blowgun
 K - the +7 morningstar of Ahyitoa (weapon) {flame, Str+5}
   (You found it on level 8 of the Dungeon)

   It has been specially enchanted to burn those struck by it, causing extra
   injury to most foes and up to half again as much damage against particularly
   susceptible opponents.
   It affects your strength (+5).
Missiles
 A - 11 poisoned needles
 G - 7 curare-tipped needles
Armour
 h - a +0 helmet (worn)
 n - a +0 pair of boots (worn)
 r - a +0 buckler (worn)
 s - a +1 leather armour of cold resistance (worn)
 P - a troll hide
Jewellery
 q - a ring of wizardry (right hand)
 t - a ring of poison resistance (left hand)
 u - an uncursed ring of flight
 B - the ring of Creativity {Wiz *Confuse rC++}
   (You found it on level 10 of the Dungeon)

   [ring of wizardry]

   It improves your spell success rate.
   It greatly protects you from cold.
   It may confuse you when you take damage.
Scrolls
 e - a scroll of acquirement {unknown}
 k - 3 scrolls of noise {unknown}
 l - a scroll of recharging
 m - 2 scrolls of fog
 y - 2 scrolls of amnesia
 E - 3 scrolls of immolation
 F - a scroll of magic mapping
 I - 2 scrolls of enchant armour
 J - a scroll of enchant weapon {unknown}
 L - 3 scrolls of teleportation
 M - 2 scrolls of remove curse
Potions
 d - a potion of beneficial mutation
 g - a potion of haste {unknown}
 p - a potion of berserk rage {unknown}
 v - a potion of ambrosia {unknown}
 z - a potion of brilliance
 C - a potion of invisibility {unknown}
 O - a potion of lignification {unknown}
Books
 a - a book of Maledictions

   Spells                             Type                      Level
   a - Corona                         Hexes                        1
   b - Ensorcelled Hibernation        Hexes/Ice                    2
   c - Confuse                        Hexes                        3
   d - Tukima's Dance                 Hexes                        3
   e - Dazzling Spray                 Conjuration/Hexes            3
 b - the Collected Works on Darkness

   Spells                             Type                      Level
   a - Animate Skeleton               Necromancy                   1
   b - Vampiric Draining              Necromancy                   3
 c - the Almanac of Agnosticism

   Spells                             Type                      Level
   a - Sandblast                      Earth                        1
   b - Stone Arrow                    Conjuration/Earth            3
 D - a book of Cantrips

   Spells                             Type                      Level
   a - Confusing Touch                Hexes                        1
   b - Animate Skeleton               Necromancy                   1
   c - Summon Small Mammal            Summoning                    1
   d - Apportation                    Translocation                1
Comestibles
 f - 11 bread rations
 i - 5 slices of pizza
 o - 5 meat rations
 N - 3 fruits


   Skills:
 + Level 13.0 Fighting
 - Level 1.0 Throwing
 - Level 1.0 Stealth
 - Level 1.1 Shields
 - Level 10.2 Spellcasting
 - Level 1.0 Hexes
 - Level 9.9 Necromancy
   Level 1.7 Fire Magic
   Level 1.0 Air Magic
 - Level 1.7 Earth Magic


You had 21 spell levels left.
You knew the following spells:

 Your Spells              Type           Power        Failure   Level  Hunger
a - Stone Arrow           Conj/Erth      #.....       19%         3    #......
e - Vampiric Draining     Necr           #####.....   1%          3    #......
n - Apportation           Tloc           #.........   7%          1    None
r - Animate Skeleton      Necr           N/A          1%          1    None
z - Corona                Hex            ##.....      4%          1    None


Dungeon Overview and Level Annotations

Branches:
Dungeon (11/15)            Temple (1/1) D:4            Lair (0/6) D:8
    Orc (2/2) D:10            Elf (0/3) Orc:2

Altars:
Ashenzari
Cheibriados
Dithmenos
Elyvilon
Fedhas
Gozag
Hepliaklqana
Kikubaaqudgha
Makhleb
Nemelex Xobeh
Okawaru
Pakellas
Qazlal
Ru
Sif Muna
Trog
Uskayaw
Vehumet
Xom
Yredelemnul
Zin
The Shining One

Shops:
D:4 *   D:7 :   D:8 ?   Orc:2 =

Annotations:
D:10 Sonja
D:11 st0uf's ghost, journeyman MiFi


Innate Abilities, Weirdness & Mutations

You have hoof-like feet.
You are mostly covered in thin metallic scales. (AC +3)
Your flesh is heat resistant. (rF+)
When hurt, damage is shared between your health and your magic reserves.
You regenerate magic rapidly.


Message History

The deep troll bites you but does no damage.
The deep troll claws you. x2; The deep troll bites you!
* * * LOW HITPOINT WARNING * * *
The deep troll claws you but does no damage.
The deep troll completely misses you.
You barely miss the deep troll.
The deep troll is heavily wounded.
The deep troll bites you.
* * * LOW HITPOINT WARNING * * *
The deep troll claws you but does no damage.
The deep troll closely misses you.
You hit the deep troll. You burn the deep troll.
The deep troll is severely wounded.
The deep troll bites you!!
* * * LOW HITPOINT WARNING * * *
The deep troll claws you!
* * * LOW HITPOINT WARNING * * *
The deep troll claws you but does no damage.
The deep troll bites you!!
You die...

............#...#...##..#...>)...
............#...#....#..#..[.#'##
##########..#......)......#..#...
..............#..#....#...#..#...
#######.......#..##.(.#..(#..#...
......#.......#.....###...#..#...
......#.......##......(..##..#'##
......#........####......#.......
......#.........@T.(...###.......
......#.....(......#####.........
......#........).................
#'#####..........................
............######...............
............#....................
##..........#.........######.....
.'..........#.........# #.....
.#..........######....# #.<...


You could see a deep troll.

Vanquished Creatures
  A queen ant (D:8)
  The ghost of p0werm0de the Nimble, a novice TeCK of Xom (D:9)
  An unseen horror (D:9)
  A hill giant (D:10)
  An orc knight (Orc:1)
  3 orc sorcerers (Orc:1)
  The ghost of crawlian the Firebug, a novice DEFE (D:7)
  3 trolls (D:10)
  13 yaks
  A wraith (D:9)
  A wyvern (D:9)
  A hungry ghost (D:7)
  A hippogriff (D:9)
  A warg (Orc:1)
  4 soldier ants
  Duvessa (D:6)
  A swamp drake (D:8)
  2 sky beasts
  12 orc warriors
  A wasp (D:10)
  8 ogres
  4 necrophages
  3 centaurs
  2 ice beasts
  A crocodile (D:8)
  3 big kobolds
  4 giant frogs
  4 scorpions
  Dowan (D:6)
  7 wights
  3 howler monkeys
  A centaur zombie (D:10)
  7 crimson imps
  5 hounds
  A jelly (D:6)
  4 centaur skeletons
  13 orc priests
  A giant frog skeleton (D:7)
  4 iguanas
  12 orc wizards
  30 worker ants
  A sheep (D:10)
  A hound zombie (D:9)
  A hound skeleton (D:5)
  A mummy (D:9)
  2 worker ant zombies
  6 adders
  2 gnolls
  4 shadow imps
  An adder zombie (D:9)
  2 worms (D:5)
  2 dart slugs
  7 giant geckos
  55 orcs
  7 giant cockroaches
  3 goblins
  9 hobgoblins
  6 jackals
  A quokka (D:3)
  A ball python (D:6)
  3 bats
  4 giant newts
  21 kobolds
  A quokka skeleton (D:7)
  5 rats
315 creatures vanquished.

Vanquished Creatures (collateral kills)
  A vampire mosquito (D:9)
  A soldier ant (D:8)
  An ice beast (D:6)
  2 orc warriors
  A phantom (D:8)
  A wyvern skeleton (D:10)
  2 scorpions
  A wight (D:8)
  A crimson imp (D:8)
  3 orc wizards
  A giant frog skeleton (D:4)
  An iguana (D:8)
  A worker ant (D:8)
  An adder (D:4)
  A gnoll (D:4)
  A worm (D:4)
  2 giant geckos (D:1)
  3 orcs
  A ball python (D:1)
  4 goblins (D:1)
  2 hobgoblins
  A bat (D:3)
  A rat (D:3)
34 creatures vanquished.

Vanquished Creatures (others)
  An orc wizard (D:5)
  An orc (D:8)
  A fungus (Orc:1)
3 creatures vanquished.

Grand Total: 352 creatures vanquished

Notes
Turn   | Place    | Note
-------+----------+-------------------------------------------
     0 | D:1      | bullock the Demonspawn Wanderer began the quest for the Orb.
     0 | D:1      | bullock set off with: a book of Maledictions, the Collected Works on Darkness, the Almanac of Agnosticism, a +0 robe, a +0 dagger, a bread ration
     0 | D:1      | Reached XP level 1. HP: 13/13 MP: 3/3
     0 | D:1      | Identified the Collected Works on Darkness
     0 | D:1      | Identified the Almanac of Agnosticism
     2 | D:1      | Learned a level 1 spell: Animate Skeleton
     2 | D:1      | Noticed a draconian
     4 | D:1      | Noticed a centaur
     4 | D:1      | Noticed a gargoyle
     6 | D:1      | Noticed an elf
     7 | D:1      | Noticed a human
     8 | D:1      | Noticed a draconian
    10 | D:1      | Noticed a gargoyle
    12 | D:1      | Noticed a felid
    14 | D:1      | Noticed a centaur
    16 | D:1      | Noticed a draconian
    16 | D:1      | Noticed a vampire
    16 | D:1      | Noticed a human
    18 | D:1      | Noticed an elf
    18 | D:1      | Noticed a naga
    18 | D:1      | Noticed a dwarf
    20 | D:1      | Noticed a formicid
    22 | D:1      | Noticed an elf
   363 | D:1      | Gained mutation: When hurt, damage is shared between your health and your magic reserves. [demonic ancestry]
   363 | D:1      | Reached XP level 2. HP: 14/20 MP: 5/5
   666 | D:1      | Reached skill level 1 in Necromancy
   670 | D:1      | Reached skill level 1 in Fighting
  1215 | D:1      | Reached XP level 3. HP: 17/26 MP: 4/6
  1924 | D:3      | Gained mutation: You are partially covered in thin metallic scales. (AC +2) [demonic ancestry]
  1924 | D:3      | Reached XP level 4. HP: 10/33 MP: 1/8
  2058 | D:3      | Reached skill level 2 in Fighting
  2702 | D:3      | Found a basalt altar of Yredelemnul.
  2919 | D:4      | Noticed an ogre
  2955 | D:3      | Reached skill level 1 in Shields
  2955 | D:3      | Gained mutation: You regenerate magic rapidly. [demonic ancestry]
  2955 | D:3      | Reached XP level 5. HP: 18/39 MP: 6/9
  3215 | D:4      | Reached skill level 3 in Fighting
  3221 | D:4      | Found an opulent altar of Gozag.
  3535 | D:4      | Found a staircase to the Ecumenical Temple.
  3545 | Temple   | Entered the Ecumenical Temple
  3610 | Temple   | Became a worshipper of Makhleb the Destroyer
  3636 | D:4      | Gained mutation: You have large cloven feet. [demonic ancestry]
  3636 | D:4      | Reached XP level 6. HP: 15/47 MP: 5/11
  3834 | D:4      | Found a shattered altar of Ashenzari.
  4708 | D:4      | Found Gozag's Platinum Reserve.
  4793 | D:5      | Entered Level 5 of the Dungeon
  4916 | D:5      | Got a jewelled dagger
  4917 | D:5      | Identified the +6 dagger of True Grit {freeze, rF+ MR+} (You found it on level 5 of the Dungeon)
  4981 | D:5      | Reached skill level 4 in Fighting
  4981 | D:5      | Gained mutation: You are mostly covered in thin metallic scales. (AC +3) [demonic ancestry]
  4981 | D:5      | Reached XP level 7. HP: 28/54 MP: 6/13
  5246 | D:5      | Reached skill level 5 in Necromancy
  5759 | D:5      | Reached skill level 5 in Fighting
  6040 | D:6      | Noticed Dowan
  6042 | D:6      | Reached skill level 5 in Spellcasting
  6042 | D:6      | Reached XP level 8. HP: 44/62 MP: 10/15
  6376 | D:6      | Found an opulent altar of Gozag.
  6380 | D:6      | Found a shimmering altar of Xom.
  6384 | D:6      | Found a hazy altar of Hepliaklqana.
  6495 | D:6      | Noticed Duvessa
  6496 | D:6      | Found a basalt altar of Yredelemnul.
  6508 | D:6      | Killed Dowan
  6550 | D:6      | Killed Duvessa
  6813 | D:6      | Got a slimy dagger
  6937 | D:6      | Reached skill level 6 in Fighting
  7082 | D:6      | Reached * piety under Makhleb
  7700 | D:7      | Reached XP level 9. HP: 60/71 MP: 16/18
  7736 | D:7      | Found Himur's Book Shop.
  7739 | D:7      | Noticed crawlian's ghost (novice DEFE)
  7756 | D:8      | Found Lischiz's Magic Scroll Emporium.
  7828 | D:8      | Reached skill level 7 in Fighting
  7890 | D:9      | Reached ** piety under Makhleb
  7916 | D:9      | Noticed p0werm0de's ghost (novice TeCK)
  8003 | D:10     | Entered Level 10 of the Dungeon
  8167 | D:10     | Learned a level 3 spell: Vampiric Draining
  8169 | D:10     | Learned a level 1 spell: Corona
  8197 | D:9      | Learned a level 1 spell: Apportation
  8730 | D:9      | HP: 3/73 [something (4)]
  8735 | D:9      | HP: 2/74 [something (8)]
  8745 | D:9      | Killed an unseen horror
  8745 | D:9      | Reached skill level 8 in Fighting
  8975 | D:9      | Identified the +8 dagger "Telae" {vamp, rN+ Str+4 Int+4 Dex-4} (You found it on level 6 of the Dungeon)
  9020 | D:9      | Found a snail-covered altar of Cheibriados.
  9422 | D:9      | Found an ancient bone altar of Kikubaaqudgha.
  9439 | D:9      | Gained mutation: Your flesh is heat resistant. (rF+) [demonic ancestry]
  9439 | D:9      | Reached XP level 10. HP: 82/82 MP: 19/21
  9560 | D:9      | Killed p0werm0de's ghost
 10098 | D:10     | Reached skill level 9 in Fighting
 11611 | D:7      | Killed crawlian's ghost
 11805 | D:7      | You fall through a shaft!
 11839 | D:8      | Reached *** piety under Makhleb
 11990 | D:8      | Got a twisted morningstar
 11991 | D:8      | Identified the +7 morningstar of Ahyitoa {flame, Str+5} (You found it on level 8 of the Dungeon)
 12026 | D:8      | Bought a scroll of teleportation for 39 gold pieces
 12026 | D:8      | Bought a scroll of amnesia for 45 gold pieces
 12026 | D:8      | Bought a scroll of identify for 26 gold pieces
 12026 | D:8      | Bought a scroll of enchant armour for 97 gold pieces
 12026 | D:8      | Bought a scroll of identify for 26 gold pieces
 12026 | D:8      | Bought a scroll of identify for 26 gold pieces
 12026 | D:8      | Bought a scroll of remove curse for 39 gold pieces
 12026 | D:8      | Bought a scroll of identify for 26 gold pieces
 12410 | D:8      | Noticed a queen ant
 12765 | D:8      | Killed a queen ant
 12765 | D:8      | Reached skill level 10 in Fighting
 12765 | D:8      | Gained mutation: You have hoof-like feet. [demonic ancestry]
 12765 | D:8      | Reached XP level 11. HP: 20/90 MP: 19/24
 13369 | D:8      | Reached **** piety under Makhleb
 13446 | D:8      | Found a staircase to the Lair.
 13487 | D:8      | Learned a level 3 spell: Stone Arrow
 14724 | D:9      | HP: 4/92 [vampire mosquito (1)]
 15139 | D:9      | Reached skill level 10 in Spellcasting
 15259 | D:10     | Noticed a hill giant
 15761 | D:10     | Got a faintly glowing copper ring
 15776 | D:10     | Noticed Sonja
 16212 | D:10     | Found a staircase to the Orcish Mines.
 16918 | D:10     | HP: 3/92 [wraith (4)]
 16924 | D:9      | HP: 1/92 [wraith (5)]
 17493 | D:10     | Reached skill level 11 in Fighting
 17498 | D:10     | Identified the ring of Creativity {Wiz *Confuse rC++} (You found it on level 10 of the Dungeon)
 18038 | D:11     | Noticed st0uf's ghost (journeyman MiFi)
 18444 | Orc:1    | Entered Level 1 of the Orcish Mines
 18444 | Orc:1    | Noticed an orc sorcerer
 18652 | Orc:1    | Killed an orc sorcerer
 19295 | Orc:2    | Entered Level 2 of the Orcish Mines
 19877 | Orc:2    | Found a staircase to the Elven Halls.
 20012 | Orc:1    | Noticed an orc knight
 20951 | Orc:2    | Noticed an orc sorcerer
 20951 | Orc:2    | Found Recricuxt's Jewellery Emporium.
 20952 | Orc:2    | Noticed an orc sorcerer
 20953 | Orc:2    | Noticed an orc knight
 20953 | Orc:2    | Noticed a soul eater
 20954 | Orc:2    | Noticed a sixfirhy
 20961 | Orc:2    | Noticed an orc knight
 21007 | Orc:1    | Killed an orc knight
 21007 | Orc:1    | Reached skill level 12 in Fighting
 21603 | Orc:1    | Killed an orc sorcerer
 21613 | Orc:2    | Noticed a soul eater
 21627 | Orc:1    | Killed an orc sorcerer
 21907 | Orc:2    | Noticed an orc knight
 22587 | D:10     | Killed a hill giant
 22641 | D:10     | HP: 2/97 [Sonja/uncursed short sword of distortion (3)]
 22969 | D:9      | Noticed a frost giant
 23203 | D:10     | Upgraded the game from 0.19-a0-1166-g02d67b9 to 0.19-a0-1168-g98094fc
 23748 | D:10     | Reached skill level 13 in Fighting
 24046 | D:10     | Noticed a deep troll
 24061 | D:10     | HP: 4/98 [deep troll (11)]
 24061 | D:10     | Demolished by a deep troll

Vault maps used:
D:1:      shiori_arrival_whats_in_store_for_you, minmay_misc_feat_encased
D:3:      yredelemnul_altar_generic
D:4:      nicolae_ashenzari_panopticon, nicolae_gozag_zags_fifth_avenue
D:5:      first_bread
D:6:      minmay_overflow_temple_star_quad, portal_sewer_entry_a,
          lemuel_tele_altar, uniq_duvessa
D:7:      serial_shops, shop
D:8:      erik_lair_dragon, serial_corexii_hall, corexii_hall_statues_i,
          corexii_hall_statues_deadend, serial_shops, shop, grunt_pizzeria,
          zaba_antful_of_joy
D:9:      slow_altar_1, basic_altar
D:10:     orc_0_dummy, minmay_radiant, uniq_sonja
D:11:     hangedman_cross_stitches, corexii_checkpoint_a,
          kennysheep_just_a_vault
Temple:   nicolae_temple_x_marks_the_god
Orc:1:    nicolae_orc_damp_corner
Orc:2:    st_orc_elflike

Skill      XL: |  1  2  3  4  5  6  7  8  9 10 11 |
---------------+----------------------------------+-----
Necromancy     | 1 2 3 4 5 7 9 |  9.9
Fighting       | 1 2 3 4 5 6 8 10 13 | 13.0
Spellcasting   | 3 4 5 6 7 9 10 | 10.2
Shields        | 1 |  1.1
Throwing       | |  1.0
Stealth        | |  1.0
Hexes          | |  1.0
Fire Magic     | |  1.7
Air Magic      | |  1.0
Earth Magic    | |  1.7

Action                   |  1- 3 |  4- 6 |  7- 9 | 10-12 || total
-------------------------+-------+-------+-------+-------++-------
Melee: Dagger            |    55 |     2 |   435 |  1143 ||  1635
       Spear             |   111 |   228 |       |       ||   339
       Morningstar       |       |       |       |   153 ||   153
 Fire: Blowgun           |       |    14 |    16 |    68 ||    98
 Cast: Animate Skeleton  |    12 |    14 |    15 |    41 ||    82
       Stone Arrow       |       |       |       |     7 ||     7
       Corona            |       |       |       |     3 ||     3
Invok: Lesser Servant of |       |       |       |     1 ||     1
Evoke: Wand              |       |       |       |     6 ||     6
       Box of beasts     |       |       |       |     2 ||     2
  Use: Potion            |       |       |     8 |     3 ||    11
       Scroll            |       |       |     3 |    11 ||    14
 Stab: Sleeping          |     1 |     1 |     4 |     1 ||     7
       Distracted        |       |       |       |     4 ||     4
       Confused          |       |       |       |     2 ||     2
  Eat: Chunk             |     4 |     8 |    15 |    35 ||    62
       Beef jerky        |       |     1 |       |     1 ||     2
       Pizza             |       |       |       |     6 ||     6
       Royal jelly       |       |       |       |     2 ||     2
       Bread ration      |       |       |       |     1 ||     1
       Fruit             |       |       |       |     1 ||     1
Armor: Robe              |    11 |       |       |       ||    11
       Leather armour    |    41 |    57 |    28 |   313 ||   439
       Ring mail         |       |       |   161 |   226 ||   387
Dodge: Dodged            |    91 |   108 |   193 |   648 ||  1040
Block: Buckler           |       |    37 |    79 |   248 ||   364
